Map: Data-C

Players

Nina

  • Race: Protoss Protoss
  • Spawn Location: 9:00

Lambo - Winner!

  • Race: Zerg Zerg
  • Spawn Location: 3:00

Event: DreamHack SC2 Masters 2022 Atlanta (Offline)

VOD

Have the link to the VOD?

Description

Time

  • Played on: Nov. 18, 2022, 1:21 p.m.
  • Length: 11:13

All games in this series

Show
View Real Time Build Order
Export as new Build Order

Nina Protoss 

Build Orders: 1 Gate Expand, Oracle Opening 

Get SALT Encoding   

  12  0:00  Probe  
  13  0:12  Probe  
  14  0:18  Pylon  
  14  0:24  Probe (Chrono Boost)  
  15  0:36  Probe (Chrono Boost)  
  15  0:38  Gateway  
  16  0:45  Probe (Chrono Boost)  
  16  0:48  Assimilator  
  17  0:51  Probe  
  18  1:03  Probe  
  19  1:15  Probe  
  20  1:24  Nexus  
  20  1:35  Cybernetics Core  
  20  1:38  Probe  
  21  1:47  Assimilator  
  21  1:50  Probe  
  21  1:52  Pylon  
  22  2:02  Probe (Chrono Boost)  
  23  2:13  Adept  
  23  2:14  Probe (Chrono Boost)  
  26  2:21  Stargate  
  26  2:23  Probe (Chrono Boost)  
  26  2:29  Probe (Chrono Boost)  
  27  2:32  Warp Gate  
  29  2:37  Probe (Chrono Boost)  
  29  2:41  Probe (Chrono Boost)  
  30  2:45  Adept, Probe (Chrono Boost)  
  30  2:47  Probe (Chrono Boost)  
  30  2:50  Probe (Chrono Boost)  
  34  2:55  Probe  
  36  3:02  Oracle (Chrono Boost), Probe  
  40  3:08  Probe  
  42  3:20  Probe  
  42  3:21  Probe  
  42  3:24  Pylon  
  43  3:30  Nexus  
  43  3:32  Probe  
  43  3:33  Probe  
  45  3:39  Oracle (Chrono Boost)  
  45  3:44  Probe  
  45  3:46  Gateway  
  45  3:47  Probe  
  50  3:56  Probe  
  50  3:57  Twilight Council  
  50  4:00  Probe  
  52  4:03  Pylon  
  52  4:05  Assimilator  
  52  4:08  Probe  
  52  4:09  Assimilator  
  53  4:12  Probe  
  53  4:16  Forge  
  54  4:22  Probe (Chrono Boost)  
  54  4:24  Probe (Chrono Boost), Pylon  
  55  4:27  Stalker  
  58  4:31  Blink (Chrono Boost)  
  60  4:39  Gateway, Probe (Chrono Boost)  
  60  4:40  Probe (Chrono Boost)  
  60  4:42  Stalker  
  60  4:44  Probe (Chrono Boost)  
  63  4:46  Probe x2 (Chrono Boost)  
  63  4:51  Stalker  
  67  4:54  Protoss Ground Weapons Level 1 (Chrono Boost)  
  67  4:55  Probe (Chrono Boost)  
  68  5:01  Gateway  
  68  5:04  Probe x2 (Chrono Boost)  
  71  5:07  Probe (Chrono Boost)  
  71  5:11  Gateway  
  71  5:12  Stalker  
  75  5:15  Probe x2 (Chrono Boost)  
  75  5:16  Probe (Chrono Boost)  
  75  5:20  Stalker  
  78  5:22  Probe  
  78  5:24  Probe  
  78  5:25  Probe, Pylon  
  81  5:29  Gateway  
  81  5:33  Gateway  
  82  5:36  Stalker  
  82  5:37  Stalker  
  85  5:43  Probe x3  
  85  5:45  Shield Battery  
  85  5:47  Stalker  
  90  5:55  Probe  
  92  6:01  Pylon  
  92  6:02  Pylon  
  92  6:03  Nexus  
  92  6:04  Pylon  
  91  6:08  Pylon  
  91  6:11  Assimilator  
  91  6:15  Pylon  
  91  6:16  Assimilator  
  92  6:19  Stalker x3  
  92  6:21  Stalker  
  92  6:24  Stalker  
  101  6:26  Stalker  
  101  6:28  Probe  
  101  6:31  Probe  
  105  6:36  Templar Archives  
  105  6:39  Charge  
  105  6:45  Stalker x4  
  112  6:52  Stalker x2  
  114  6:54  Probe  
  114  6:58  Protoss Ground Weapons Level 2 (Chrono Boost)  
  114  6:59  Stalker  
  115  7:06  Probe  
  116  7:14  Stalker x2  
  116  7:15  Stalker  
  118  7:21  Psionic Storm  
  105  7:26  Stalker x4  
  107  7:37  Gateway  
  107  7:38  Gateway  
  107  7:39  Stalker x2  
  107  7:40  Gateway  
  107  7:42  Probe x2 (Chrono Boost)  
  107  7:43  Pylon  
  114  7:49  Probe (Chrono Boost)  
  114  7:50  High Templar x2  
  120  7:53  Probe x3 (Chrono Boost)  
  120  7:56  Photon Cannon  
  120  7:57  Probe x2 (Chrono Boost)  
  122  7:59  Probe (Chrono Boost)  
  122  8:00  Probe (Chrono Boost)  
  122  8:05  Robotics Facility  
  125  8:06  High Templar  
  125  8:07  Pylon  
  125  8:10  Assimilator  
  130  8:13  Probe x3 (Chrono Boost)  
  130  8:14  Assimilator  
  130  8:16  High Templar  
  133  8:21  Probe (Chrono Boost)  
  133  8:23  Zealot x4  
  133  8:26  Photon Cannon  
  141  8:33  Shield Battery, Photon Cannon  
  141  8:36  High Templar x2  
  141  8:37  Zealot x2  
  141  8:41  Pylon  
  149  8:42  Pylon  
  149  8:44  Zealot x3  
  149  8:45  Pylon  
  155  8:52  Gateway  
  155  8:59  High Templar x2  
  155  9:02  Pylon  
  159  9:03  Zealot, High Templar x2  
  159  9:06  Archon  
  159  9:09  Zealot x3  
  171  9:10  Archon  
  148  9:17  Archon  
  148  9:20  Zealot x2  
  138  9:24  Archon  
  138  9:29  Zealot x4  
  138  9:32  Observer (Chrono Boost)  
  138  9:37  High Templar x3  
  144  9:38  Zealot  
  144  9:41  Zealot x2  
  144  9:43  Photon Cannon  
  150  9:45  Photon Cannon  
  150  9:46  Observer (Chrono Boost)  
  150  9:51  Zealot x5  
  161  10:03  Zealot x3  
  159  10:11  Zealot x3  
  159  10:12  High Templar x4  
  159  10:13  Zealot  
  161  10:16  Archon  
  161  10:26  Zealot x3  
  119  10:39  Zealot x4  
  107  10:43  Observer (Chrono Boost)  
  107  10:45  Zealot x3  
  107  10:46  Zealot x2  
  107  10:47  Zealot x2  
  122  10:56  Archon  
  122  10:58  Observer (Chrono Boost)  
  122  10:59  Zealot x4  
  83  11:11  Zealot x6  
Show
View Real Time Build Order
Export as new Build Order

Lambo Zerg - Winner!

Build Orders: Hatch First, Lurkers 

Get SALT Encoding   

  12  0:00  Drone  
  13  0:12  Overlord  
  13  0:16  Drone  
  14  0:31  Drone x2  
  16  0:48  Hatchery  
  15  0:51  Drone  
  15  0:55  Drone  
  17  0:58  Drone  
  18  1:09  Extractor  
  17  1:13  Spawning Pool  
  17  1:17  Drone  
  17  1:21  Drone  
  18  1:28  Drone  
  19  1:40  Drone  
  20  1:49  Drone  
  21  2:00  Queen x2  
  21  2:01  Zergling x2  
  26  2:04  Overlord  
  26  2:10  Metabolic Boost  
  26  2:12  Drone  
  26  2:14  Drone  
  28  2:23  Drone x2  
  30  2:36  Hatchery  
  29  2:40  Drone  
  29  2:42  Drone  
  31  2:45  Overlord  
  31  2:51  Drone  
  32  2:53  Queen  
  32  2:57  Zergling x4  
  36  3:05  Queen  
  38  3:07  Drone  
  38  3:11  Overlord  
  39  3:15  Drone x3  
  39  3:19  Drone  
  43  3:25  Overlord  
  43  3:30  Drone  
  43  3:33  Queen  
  45  3:35  Zergling x2  
  45  3:40  Drone  
  47  3:45  Drone  
  47  3:46  Spore Crawler  
  47  3:47  Queen  
  49  3:52  Drone x2  
  51  3:56  Drone  
  51  4:00  Overlord  
  51  4:01  Drone  
  53  4:05  Overlord  
  53  4:06  Drone x3, Evolution Chamber  
  55  4:11  Drone  
  55  4:15  Zergling x2  
  57  4:19  Drone x2  
  57  4:20  Drone  
  57  4:21  Drone x2  
  62  4:27  Drone  
  63  4:31  Zerg Melee Weapons Level 1  
  63  4:32  Drone  
  63  4:33  Drone  
  65  4:39  Drone  
  65  4:40  Hatchery  
  65  4:42  Drone x4  
  69  4:52  Queen  
  69  4:54  Drone x8  
  69  4:56  Extractor  
  69  4:57  Spore Crawler  
  69  4:58  Drone  
  78  5:00  Spore Crawler  
  78  5:03  Lair  
  78  5:04  Drone  
  78  5:05  Drone  
  79  5:10  Drone x2, Extractor  
  80  5:14  Drone  
  80  5:15  Extractor  
  80  5:16  Overlord  
  80  5:20  Drone, Overlord  
  81  5:27  Baneling Nest, Overlord  
  81  5:28  Overlord x2  
  80  5:29  Drone  
  81  5:35  Drone  
  81  5:36  Drone x5  
  81  5:40  Zergling x8  
  91  5:46  Overlord  
  91  5:48  Overlord  
  91  5:51  Zergling x8  
  91  5:53  Queen  
  91  5:54  Queen  
  91  5:57  Zergling x6  
  102  5:58  Spore Crawler  
  102  6:01  Zergling x2  
  102  6:07  Hydralisk Den  
  102  6:08  Infestation Pit, Drone x8  
  107  6:13  Zergling x2  
  107  6:14  Drone  
  107  6:18  Extractor x2  
  108  6:20  Drone x6  
  113  6:25  Zerg Melee Weapons Level 2  
  113  6:26  Centrifugal Hooks  
  113  6:29  Drone x2  
  115  6:33  Drone x3  
  115  6:34  Zergling x6, Drone x2  
  115  6:38  Zergling x6  
  126  6:40  Overlord  
  126  6:43  Zergling x4  
  128  6:51  Overlord  
  125  6:57  Zergling x10  
  125  6:59  Muscular Augments  
  125  7:00  Hive  
  128  7:01  Lurker Den  
  128  7:03  Zergling x4  
  128  7:04  Overlord x2  
  128  7:07  Overlord  
  128  7:08  Queen  
  125  7:11  Zergling x16  
  126  7:17  Zergling x10  
  126  7:20  Zergling x4  
  127  7:24  Queen x2  
  127  7:25  Drone  
  127  7:27  Extractor  
  127  7:28  Extractor  
  127  7:29  Zergling x8  
  130  7:35  Zergling x2  
  131  7:37  Zergling x4  
  131  7:40  Evolution Chamber  
  131  7:42  Zergling x4, Hatchery  
  133  7:46  Zergling x8  
  133  7:51  Drone  
  138  7:52  Hydralisk  
  138  7:53  Hydralisk  
  140  7:59  Hydralisk x4  
  140  8:02  Drone  
  140  8:04  Queen  
  150  8:06  Drone  
  150  8:09  Overseer, Overlord x2  
  150  8:10  Overlord  
  151  8:13  Queen, Spine Crawler  
  151  8:15  Seismic Spines, Zerg Missile Weapons Level 1  
  151  8:16  Overlord  
  151  8:17  Overlord  
  152  8:21  Overlord  
  152  8:25  Spine Crawler  
  151  8:29  Lurker x6, Hydralisk x4  
  151  8:31  Hydralisk x2  
  169  8:35  Zergling x10  
  169  8:36  Overlord  
  169  8:38  Overlord  
  174  8:42  Zergling x6  
  174  8:46  Drone x3  
  174  8:47  Hydralisk  
  182  8:50  Overlord  
  182  8:51  Overseer  
  182  8:54  Zerg Ground Armor Level 1  
  182  8:59  Baneling x4  
  182  9:00  Spine Crawler  
  182  9:01  Lurker x3  
  184  9:07  Lurker  
  184  9:08  Lurker  
  185  9:12  Zergling x24  
  179  9:17  Zergling x14  
  179  9:20  Zergling x4  
  179  9:22  Queen  
  167  9:26  Zergling x10  
  167  9:28  Hydralisk  
  169  9:40  Baneling x4  
  169  9:41  Hydralisk x3  
  174  9:50  Zergling x28  
  189  9:52  Zergling x2  
  189  9:55  Zergling x4  
  190  10:00  Zergling x6  
  190  10:02  Baneling x2  
  188  10:08  Zergling x8  
  188  10:10  Lurker x5  
  188  10:13  Zergling x10  
  181  10:16  Hydralisk  
  181  10:20  Lurker  
  181  10:21  Hydralisk x3  
  184  10:26  Zergling x2, Hydralisk  
  184  10:27  Zergling x4  
  184  10:28  Overlord  
  193  10:29  Overseer  
  193  10:32  Hydralisk x3  
  171  10:38  Overseer, Hydralisk x5  
  181  10:46  Zergling x6, Baneling x11  
  184  10:51  Zergling x2  
  193  10:57  Lurker x3  
Tags
 
Add a new tag
Caveats
  • Supply blocks, unpowered buildings, or Contaminate may cause inaccurate times.
  • Supply counts are checked every 10 seconds.